 Dungeon Crawl Stone Soup version 0.32-a0-799-g95e1662365 (webtiles) character file.

Game seed: 12666019360386309568

650 RandomKimchi the Trooper (level 7, -4/60 HPs)
             Began as a Merfolk Monk on Mar 21, 2024.
             Was a Believer of Sif Muna.
             Slain by a gnoll
             ... wielding a +0 flail
             ... led by a gnoll sergeant
              (7 damage)
             ... on level 4 of the Dungeon.
             The game lasted 00:10:49 (5758 turns).

RandomKimchi the Trooper (Merfolk Monk)             Turns: 5758, Time: 00:10:50

Health: -4/60      AC:  5    Str: 10 (11) XL:     7   Next: 53%
Magic:  8/8        EV: 11    Int:  8 (11) God:    Sif Muna [**....]
Gold:   337        SH:  0    Dex: 15 (17) Spells: 7/7 levels left

rFire   . . .        a - +0 short sword
rCold   + . .        d - orb {light}
rNeg    . . .        p - +0 ring mail
rPois   .            (no helmet)
rElec   .            (no cloak)
rCorr   +            (no gloves)
SInv    .            (no boots)
Will    .....        (no amulet)
Stlth   +            h - ring of resist corrosion
HPRegen 0.30/turn    i - ring of protection from cold
MPRegen 0.11/turn

%: no passive effects
@: mighty, glowing
A: (nimble swimmer 2), mertail
a: Renounce Religion, Channel Magic


You were on level 4 of the Dungeon.
You worshipped Sif Muna.
Sif Muna was pleased with you.
You visited 2 branches of the dungeon, and saw 6 of its levels.

You collected 337 gold pieces.

Inventory:

Hand Weapons
 a - a +0 short sword (weapon)
Armour
 d - an orb of light (worn)
 p - a +0 ring mail (worn)
Jewellery
 h - a ring of resist corrosion (left hand)
 i - a ring of protection from cold (right hand)
Scrolls
 b - a scroll of fog {unknown}
 c - a scroll of immolation {unknown}
 k - 3 scrolls of identify {unknown}
 l - a scroll of revelation {unknown}
 m - a scroll of fear {unknown}
 n - a scroll of blinking {unknown}
 q - a scroll of teleportation {unknown}
 r - a scroll of enchant weapon {unknown}
Potions
 f - a potion of attraction
 g - a potion of resistance
 o - a potion of enlightenment


   Skills:
 + Level 7.5 Fighting
 - Level 4.0 Short Blades
 + Level 5.1 Dodging
 - Level 3.0 Stealth
 - Level 0.5 Spellcasting
 + Level 1.4 Invocations
 - Level 2.0 Evocations


You had 7 spell levels left.
You didn't know any spells.
Your spell library contained the following spells:

 Spells                   Type           Power      Damage    Failure   Level
 Cigotuvi's Dreadful Rot  Necr/Alch/Air  0%         N/A       86%         2
 Lesser Beckoning         Tloc           0%         N/A       86%         2
 Gell's Gravitas          Tloc           0%         N/A       97%         3
 Teleport Other           Tloc           0%         N/A       97%         3
 Dispel Undead            Necr           0%         3d6       100%        4
 Martyr's Knell           Necr/Summ      0%         N/A       100%        4
 Vhi's Electric Charge    Tloc/Air       0%         N/A       100%        4
 Arcjolt                  Conj/Air       0%         1d10      100%        5
 Maxwell's Capacitive Co  Air            0%         ∞         100%        8


Dungeon Overview and Level Annotations

Branches:
Dungeon (5/15)             Temple (1/1) D:5

Altars:
Ashenzari
Cheibriados
Dithmenos
Elyvilon
Fedhas
Hepliaklqana
Makhleb
Nemelex Xobeh
Okawaru
Qazlal
Ru
Sif Muna
Trog
Vehumet
Wu Jian
Xom
Yredelemnul
Zin
The Shining One


Innate Abilities, Weirdness & Mutations

((You are very nimble when in or above water. (Stealth+, EV+, Speed+++)))
Your lower body shifts to a powerful aquatic tail in water.


Message History

You take 1 damage, and have 24/60 hp.
You hit the gnoll.
The gnoll is moderately wounded.
The gnoll hits you with a +0 flail!
* * * LOW HITPOINT WARNING * * *
You take 7 damage, and have 17/60 hp.
You hit the gnoll.
The gnoll is heavily wounded.
The gnoll hits you with a +0 flail!
* * * LOW HITPOINT WARNING * * *
You take 8 damage, and have 9/60 hp.
The gnoll barely misses you. The gnoll attacks as it pursues you!
The gnoll hits you with a +0 flail.
* * * LOW HITPOINT WARNING * * *
You take 5 damage, and have 5/60 hp.
It was a potion of resistance.
You feel protected. The gnoll misses you.
It was a potion of attraction.
You feel attractive to monsters. The gnoll hits you but does no damage.
It was a potion of enlightenment.
You feel very buoyant.
You fly up into the air.
The gnoll misses you.
It was a potion of degeneration.
There was something very wrong with that liquid.
You feel weakened.
You feel dopey.
You feel clumsy. The gnoll barely misses you.
It was a potion of cancellation.
Your magical effects are unravelling.
You feel magically purged.
You float gracefully downwards.
Your resistance to elements expires.
Your enlightenment fades.
The gnoll hits you with a +0 flail.
* * * LOW HITPOINT WARNING * * *
You feel less attractive to monsters.
You take 3 damage, and have 3/60 hp.
It was a potion of might.
You feel very mighty all of a sudden. The gnoll hits you with a +0 flail!
You die...

.......###.....###...##.#
......#...#...#...#..##.#
........#...#...#....##.#
.############.######.##.#
.# #)# #.##.# .# #.#
#.##.# .# #.# #<##.# .#
#.######.##.# .#
#>.g@.......# .#
#######.##### .# #.# .#
#.# .# #.# .# #.# .# #.#
.# ##############.# .#
#..............#


You could see a gnoll.

Vanquished Creatures
  A black bear (D:4)
  A phantom (D:4)
  A bombardier beetle (D:5)
  3 hounds
  3 jellies
  Jessica (D:3)
  2 iguanas (D:4)
  4 adders
  5 gnolls
  3 ribbon worms
  4 dart slugs
  9 orcs
  7 ball pythons
  9 endoplasms
  6 giant cockroaches
  7 hobgoblins
  8 jackals
  A quokka (D:4)
  4 bats
  2 frilled lizards
  7 goblins
  6 kobolds
  4 rats
98 creatures vanquished.

Notes
Turn   | Place    | Note
-------+----------+-------------------------------------------
     0 | D:1      | RandomKimchi the Merfolk Monk began the quest for the Orb.
     0 | D:1      | Reached XP level 1. HP: 18/18 MP: 1/1
   268 | D:2      | Reached skill level 1 in Stealth
   326 | D:2      | Reached XP level 2. HP: 20/24 MP: 2/2
   645 | D:2      | Reached skill level 4 in Fighting
   645 | D:2      | Reached XP level 3. HP: 27/30 MP: 3/3
  1198 | D:1      | Reached XP level 4. HP: 27/38 MP: 4/4
  2165 | D:3      | Found a snail-covered altar of Cheibriados.
  2425 | D:3      | Noticed Jessica
  2440 | D:3      | Killed Jessica
  2441 | D:3      | Reached skill level 5 in Fighting
  2441 | D:3      | Reached XP level 5. HP: 42/44 MP: 5/5
  3957 | D:4      | Noticed a black bear
  4056 | D:4      | Reached skill level 6 in Fighting
  4087 | D:4      | Killed a black bear
  4088 | D:4      | Reached skill level 1 in Evocations
  4088 | D:4      | Reached XP level 6. HP: 53/53 MP: 6/6
  4140 | D:4      | Found an iron altar of Okawaru.
  4140 | D:4      | Found a radiant altar of Vehumet.
  4141 | D:4      | Found a broken altar of Ashenzari.
  4313 | D:4      | Reached skill level 7 in Fighting
  4539 | D:4      | Reached XP level 7. HP: 44/60 MP: 7/7
  4848 | D:5      | Entered Level 5 of the Dungeon
  4871 | D:5      | Found a bloodstained altar of Trog.
  4970 | D:5      | Found a staircase to the Ecumenical Temple.
  5012 | Temple   | Entered the Ecumenical Temple
  5238 | Temple   | Became a worshipper of Sif Muna the Loreminder
  5238 | Temple   | Reached * piety under Sif Muna
  5238 | Temple   | Reached ** piety under Sif Muna
  5445 | D:4      | Reached skill level 5 in Dodging
  5445 | D:4      | Reached skill level 1 in Invocations
  5757 | D:4      | HP: 3/60 [gnoll/+0 flail[a gnoll sergeant] (4)]
  5758 | D:4      | Slain by a gnoll

Illustrated notes

Levels and vault maps discovered:
D:1:      dpeg_arrival_ternary, layout_basic, wad_floor_pattern_untrapped,
          minmay_split_cup_large
D:2:      layout_basic, minmay_misc_feat_ornament, corner_web_ring,
          kennysheep_generic_room_15
D:3:      layout_basic, cheibriados_altar_1, serial_curves, eino_curves_03,
          eino_curves_01, uniq_jessica
D:4:      layout_loops_ring, gammafunk_temple_overflow_claw,
          minmay_fractal_squares_diagonal_5
D:5:      layout_basic, jmf_multi_god_temple, minmay_temple_entry_mini_moons
Temple:   eino_temple_lava

Skill      XL: |  1  2  3  4  5  6  7 |
---------------+----------------------+-----
Stealth        | 1 2 3 |  3.0
Short Blades   | 4 |  4.0
Fighting       | 4 5 6 7 |  7.5
Evocations     | 1 2 |  2.0
Dodging        | 5 |  5.1
Invocations    | 1 |  1.4
Spellcasting   | |  0.5

Action                     |  1- 3 |  4- 6 |  7- 9 || total
---------------------------+-------+-------+-------++-------
  Melee: Short sword       |   162 |   272 |   142 ||   576
  Evoke: Wand              |       |     6 |       ||     6
    Use: Potion            |     1 |       |     6 ||     7
   Stab: Sleeping          |       |     1 |       ||     1
 Armour: Leather armour    |    73 |    49 |       ||   122
         Ring mail         |       |    69 |    88 ||   157
  Dodge: Dodged            |    98 |   151 |    90 ||   339

Table legend: (Time is in decaauts)
 A = Elapsed time spent in this place.
 B = Non-inter-level travel time spent in this place.
 C = Inter-level travel time spent in this place.
 D = Time resting spent in this place.
 E = Time spent auto-exploring this place.
 F = Levels seen in this place.
 G = Mean time per level.
                   A        B        C        D        E       F      G
               +--------+--------+--------+--------+--------+-----+--------+
         Total |   5644 |   5367 |    277 |    785 |   2972 |   6 |  940.7 |
       Dungeon |   5391 |   5114 |    277 |    670 |   2972 |   5 | 1078.2 |
        Temple |    253 |    253 |      0 |    115 |      0 |   1 |  253.0 |
               +--------+--------+--------+--------+--------+-----+--------+

Top non-repeatable levels by time:
     D:4: 1341 daAuts
     D:2: 1299 daAuts
     D:3: 1231 daAuts
     D:1: 1084 daAuts
     D:5: 433 daAuts
  Temple: 253 daAuts
